 Dungeon Crawl Stone Soup version 0.22.0-49-gab54619674 (webtiles) character file.

171 Anathary the Twirler (level 5, -9/40 HPs)
             Began as a Demonspawn Gladiator on Sept 5, 2018.
             Mangled by a hornet (11 damage)
             ... while paralysed by a hornet
             ... on level 2 of the Dungeon.
             The game lasted 00:05:29 (1254 turns).

Anathary the Twirler (Demonspawn Gladiator)         Turns: 1254, Time: 00:05:29

Health: -9/40      AC:  5    Str: 14    XL:     5   Next: 26%
Magic:  5/5        EV:  2    Int: 10    God:
Gold:   41         SH:  0    Dex: 15    Spells: 4/4 levels left

rFire    . . .     SeeInvis .   a - +0 quarterstaff
rCold    . . .     Gourm    .   (shield currently unavailable)
rNeg     . . .     Faith    .   b - +0 leather armour
rPois    .         Spirit   .   c - +0 helmet
rElec    .         Reflect  .   (no cloak)
rCorr    .         Harm     .   (no gloves)
MR       +....                  (no boots)
Stlth    +++.......             (no amulet)
HPRegen  0.13/turn              h - ring of protection from magic
MPRegen  0.09/turn              (no ring)

@: paralysed, slowed
A: talons 1, rugged brown scales 1, nightstalker 1
a: no special abilities


You were on level 2 of the Dungeon.
You were not hungry.

You visited 1 branch of the dungeon, and saw 2 of its levels.

You collected 41 gold pieces.

Inventory:

Hand Weapons
 a - a +0 quarterstaff (weapon)
Missiles
 d - 3 throwing nets (quivered)
Armour
 b - a +0 leather armour (worn)
 c - a +0 helmet (worn)
Jewellery
 h - a ring of protection from magic (left hand)
Scrolls
 e - a scroll of enchant armour {unknown}
 i - 2 scrolls of identify {unknown}
 k - a scroll of random uselessness {unknown}
 m - a scroll of enchant weapon {unknown}
 n - a scroll of remove curse {unknown}
Potions
 g - a potion of degeneration {unknown}
 j - a potion of might {unknown}
 l - 2 potions of agility {unknown}
Comestibles
 f - 4 rations


   Skills:
 + Level 2.4 Fighting
 + Level 4.2 Staves
 - Level 1.7 Throwing
 + Level 1.5 Armour
 + Level 3.3 Dodging
 + Level 1.1 Stealth


You had 4 spell levels left.
You didn't know any spells.
Your spell library was empty.

Dungeon Overview and Level Annotations

Branches:
Dungeon (2/15)

Altars:


Innate Abilities, Weirdness & Mutations

You have sharp toenails.
You are partially covered in rugged brown scales. (AC +1, +3% HP)
You are slightly more attuned to the shadows.


Message History

You feel agile.
You have reached level 4!
You feel clever.
Your demonic ancestry asserts itself...
Your toenails lengthen and sharpen.
You have reached level 5!
Your demonic ancestry asserts itself...
Rugged brown scales grow over part of your body.
The hornet closely misses you.
You closely miss the hornet. You claw the hornet.
The hornet is lightly wounded.
The hornet stings you!
You feel yourself slow down.
You miss the hornet. Your kick misses the hornet.
The hornet is lightly wounded.
The hornet stings you.
* * * LOW HITPOINT WARNING * * *
You feel as though you will be slow longer.
The hornet stings you!
* * * LOW HITPOINT WARNING * * *
You suddenly lose the ability to move!
The hornet stings you!
You die...

###########
.........>#
........#.#
#######.#.#
#.#.# #.#.#
#.#.# #.#.#
#.#@# #.#y#
#.#.# #.#.#
#.#.# #.#.#
#.#..
########.###
#..........#


You could see a hornet.

Vanquished Creatures
  Sigmund (D:2)
  3 giant cockroaches
  A goblin (D:1)
  6 hobgoblins
  7 kobolds
  A bat (D:1)
  3 rats (D:1)
22 creatures vanquished.

Notes
Turn   | Place    | Note
-------+----------+-------------------------------------------
     0 | D:1      | Anathary the Demonspawn Gladiator began the quest for the
                  | Orb.
     0 | D:1      | Reached XP level 1. HP: 16/16 MP: 1/1
   405 | D:1      | Reached skill level 3 in Staves
   411 | D:1      | Gained mutation: You are slightly more attuned to the
                  | shadows. [demonic ancestry]
   411 | D:1      | Reached XP level 2. HP: 16/22 MP: 2/2
  1241 | D:2      | Noticed Sigmund
  1242 | D:2      | Noticed a hornet
  1252 | D:2      | Killed Sigmund
  1252 | D:2      | Reached skill level 4 in Staves
  1252 | D:2      | Reached skill level 1 in Armour
  1252 | D:2      | Reached skill level 1 in Stealth
  1252 | D:2      | Reached XP level 3. HP: 22/28 MP: 3/3
  1252 | D:2      | Gained mutation: You have sharp toenails. [demonic
                  | ancestry]
  1252 | D:2      | Reached XP level 4. HP: 27/34 MP: 4/4
  1252 | D:2      | Gained mutation: You are partially covered in rugged brown
                  | scales. (AC +1, +3% HP) [demonic ancestry]
  1252 | D:2      | Reached XP level 5. HP: 27/40 MP: 5/5
  1254 | D:2      | HP: 2/40 [hornet (10)]
  1254 | D:2      | Paralysed by a hornet for 1 turns
  1254 | D:2      | Mangled by a hornet

Skill      XL: |  1  2 |
---------------+-------+-----
Staves         | 3 4 |  4.2
Dodging        | 3 |  3.3
Armour         | 1 |  1.5
Stealth        | 1 |  1.1
Fighting       | |  2.4
Throwing       | |  1.7

Action                   |  1- 3 |  4- 6 || total
-------------------------+-------+-------++-------
Melee: Quarterstaff      |    80 |     2 ||    82
       Kick              |       |     1 ||     1
 Stab: Sleeping          |     1 |       ||     1
  Eat: Ration            |     1 |       ||     1
Armor: Leather armour    |    25 |       ||    25
Dodge: Dodged            |    45 |     1 ||    46
